 Dungeon Crawl Stone Soup version 0.14-a0-1361-g0512ea0 (webtiles) character file.

341 Egon the Digger (level 6, -2/36 HPs)
             Began as a Gargoyle Earth Elementalist on Dec 7, 2013.
             Killed by divine providence
             ... invoked by an orc priest
              (17 damage)
             ... on Level 3 of the Dungeon.
             The game lasted 00:14:05 (3658 turns).

Egon the Digger (Gargoyle Earth Elementalist)       Turns: 3658, Time: 00:14:05

HP  -2/36        AC  7     Str 12      XL: 6   Next: 28%
MP   0/12        EV 12     Int 17      God:
Gold 59          SH  0     Dex 10      Spells:  3 memorised,  5 levels left

rFire  . . .     SeeInvis .     a - +0 whip
rCold  . . .     Clarity  .     c - +0 robe
rNeg   + . .     Conserve .     (no shield)
rPois  +         rCorr    .     (no helmet)
rElec  +         rRot     +     (no cloak)
SustAb . .       Spirit   .     y - +0 pair of gloves
rMut   +         Warding  .     (no boots)
Saprov . . .     Stasis   .     w - amulet of resist mutation {unknown}
                                (no ring)
                                v - ring of sustenance

@: slightly resistant to hostile enchantments, fairly stealthy
A: life protection 1, electricity resistance, unbreathing, petrification
resistance, AC +4
a: no special abilities


You were on level 3 of the Dungeon.
You were not hungry.

You visited 1 branch of the dungeon, and saw 3 of its levels.

You collected 59 gold pieces.

Inventory:

Hand weapons
 a - a +0,+0 whip (weapon)
 r - a -3,+1 mace
Missiles
 b - 24 stones (quivered)
 h - 15 darts of frost
Armour
 c - a +0 robe (worn)
 y - a +0 pair of gloves (worn)
Comestibles
 f - 5 bread rations
 j - 15 grapes
 q - 2 meat rations
Scrolls
 l - 2 scrolls of identify {unknown}
 m - a scroll of blinking {unknown}
 n - a scroll of curse weapon {unknown}
 o - a scroll of curse jewellery {unknown}
 p - a scroll of enchant armour {unknown}
 u - a scroll of fog {unknown}
Jewellery
 i - an uncursed amulet of rage
 v - a ring of sustenance (left hand)
 w - an amulet of resist mutation (around neck) {unknown}
Potions
 e - a potion of resistance {unknown}
 g - 2 potions of curing
 k - a potion of speed {unknown}
 s - 2 potions of heal wounds {unknown}
 t - a potion of flight {unknown}
Books
 d - a book of Geomancy

   Spells                             Type                      Level
   *Sandblast                         Earth                        1
   *Stoneskin                         Transmutation/Earth          2
   Passwall                           Transmutation/Earth          3
   *Stone Arrow                       Conjuration/Earth            3
   Petrify                            Transmutation/Earth          4
   Lee's Rapid Deconstruction         Earth                        5


   Skills:
 + Level 2.5 Fighting
 + Level 2.5 Maces & Flails
 + Level 2.8 Dodging
 - Level 2.1 Stealth
 + Level 3.0 Spellcasting
 - Level 0.7 Transmutations
 + Level 5.0 Earth Magic


You had 5 spell levels left.
You knew the following spells:

 Your Spells              Type           Power        Failure   Level  Hunger
a - Sandblast             Erth           ###...       2%          1    None
b - Stoneskin             Trmt/Erth      ##........   10%         2    ##.....
c - Stone Arrow           Conj/Erth      ##....       21%         3    ###....


Dungeon Overview and Level Annotations

Branches:
Dungeon (3/16)

Altars:

Annotations:
D:2 Crazy Yiuf


Innate Abilities, Weirdness & Mutations

You are resistant to torment.
You are immune to poison.
Your stone body is very resilient (AC +4).
You resist negative energy.
You are resistant to electric shocks.
You can survive without breathing.
You are immune to petrification.


Message History

Confirm with . or Enter, or press ? or * to list all spells.
Aiming: Sandblast
Press: ? - help, Shift-Dir - straight line, f - orc priest
Aim: an orc priest, wielding an orcish mace and wearing an orcish scale mail (lightly wounded)
The rocky blast hits the orc priest.
The orc priest is lightly wounded.
The orc priest calls down the wrath of Beogh upon you.
Pain shoots through your body!
a - a +0,+0 whip (weapon)
You barely miss the orc priest.
The orc priest is lightly wounded.
The orc priest glows brightly for a moment.
You hit the orc priest but do no damage.
The orc priest is lightly wounded.
The orc priest hits you with an orcish mace.
You hit the orc priest but do no damage.
The orc priest is lightly wounded.
The orc priest invokes the aid of Beogh against you.
Something smites you!
You die...

... #.# #.......)... ...
#.# #######.###. ###.## #.#
#<# #. .....# #.# #######.#
#. #..####.###.....#.# #.
..####.................# #.
#...................#.###
#.
..####..##o#####.....#####)
#..##@#####.........#o
#..##..%).......###.#.
####%.#########..........
#.....# #.......... #.#..##
#.......... # #.##
#.......... #.# #..........
#o# #.......... #.#
#o.........


You could see an orc priest.

Vanquished Creatures
  Sigmund (D:2)
  An orc priest (D:3)
  An orc wizard (D:3)
  6 adders
  3 gnolls (D:2)
  A giant gecko (D:2)
  An ooze (D:2)
  3 orcs (D:3)
  10 bats
  3 giant cockroaches
  11 goblins
  11 hobgoblins
  4 jackals (D:3)
  3 giant newts
  9 kobolds
  3 rats
71 creatures vanquished.

Notes
Turn   | Place    | Note
--------------------------------------------------------------
     0 | D:1      | Egon, the Gargoyle Earth Elementalist, began the quest for the Orb.
     0 | D:1      | Reached XP level 1. HP: 10/10 MP: 3/3
   271 | D:1      | Reached skill level 1 in Fighting
   271 | D:1      | Reached XP level 2. HP: 8/16 MP: 2/4
   275 | D:1      | Learned a level 2 spell: Stoneskin
  1507 | D:1      | Reached skill level 4 in Earth Magic
  1507 | D:1      | Reached XP level 3. HP: 20/20 MP: 0/6
  1512 | D:1      | Learned a level 3 spell: Stone Arrow
  2264 | D:2      | Reached XP level 4. HP: 24/26 MP: 1/8
  2379 | D:2      | Reached skill level 1 in Maces & Flails
  2690 | D:2      | Noticed Crazy Yiuf
  2809 | D:2      | Noticed Sigmund
  2858 | D:2      | Killed Sigmund
  2858 | D:2      | Reached XP level 5. HP: 30/30 MP: 3/9
  3440 | D:3      | Reached XP level 6. HP: 22/36 MP: 8/11
  3447 | D:3      | Reached skill level 5 in Earth Magic
  3658 | D:3      | Killed from afar by an orc priest

Action                   |  1- 3 |  4- 6 || total
-------------------------+-------+-------++-------
Melee: Club              |    85 |       ||    85
       Whip              |    29 |   181 ||   210
       Mace              |     1 |       ||     1
Throw: Dart              |     5 |       ||     5
 Cast: Sandblast         |    39 |    47 ||    86
       Stoneskin         |    12 |    19 ||    31
  Use: Scroll            |     4 |       ||     4
       Potion            |       |     1 ||     1
